Map: Galactic Process LE

Players

Barcode

  • Race: Zerg Zerg
  • League: Master

llllllllllll - Winner!

  • Race: Zerg Zerg
  • League: Grandmaster

VOD

Have the link to the VOD?

Description

Unbreakable!

Time

  • Played on: Aug. 31, 2016, 8:32 a.m.
  • Length: 8:14
Show
View Real Time Build Order
Export as new Build Order

Barcode Zerg 

Build Orders: Hatch First 

Get SALT Encoding   

  12  0:00  Drone  
  13  0:09  Drone  
  14  0:21  Extractor x2  
  13  0:22  Drone x2  
  16  0:43  Hatchery  
  15  0:50  Overlord  
  15  1:05  Spawning Pool  
  15  1:09  Drone  
  15  1:12  Extractor  
  15  1:13  Drone  
  15  1:17  Drone  
  16  1:22  Drone  
  17  1:32  Drone  
  18  1:41  Drone  
  19  1:52  Zergling x2  
  20  1:54  Queen  
  20  1:55  Queen  
  20  1:59  Drone  
  25  2:05  Zergling x2  
  25  2:07  Zergling x2  
  27  2:13  Zergling x2  
  28  2:16  Overlord  
  28  2:36  Drone x3  
  31  2:40  Overlord  
  31  2:48  Metabolic Boost  
  31  2:54  Roach Warren  
  30  2:59  Drone x2  
  30  3:02  Drone  
  30  3:03  Drone  
  34  3:06  Drone x2  
  36  3:13  Overlord  
  34  3:37  Drone x6  
  34  3:38  Drone x3  
  39  3:42  Roach  
  39  3:45  Roach  
  43  3:52  Zergling x2  
  44  3:56  Overlord  
  44  3:58  Extractor  
  44  3:59  Extractor, Zergling x2  
  44  4:00  Zergling x2  
  40  4:12  Zergling x10  
  43  4:17  Roach  
  43  4:18  Roach  
  43  4:22  Spine Crawler  
  46  4:29  Roach x2  
  45  4:42  Ravager  
  45  4:44  Roach x2  
  48  4:59  Hatchery  
  47  5:03  Overlord x2  
  47  5:06  Drone  
  48  5:07  Drone x4  
  48  5:09  Overlord  
  52  5:22  Zergling x4  
  54  5:29  Zergling x10  
  54  5:30  Zergling x4  
  61  5:47  Roach x3  
  64  5:51  Roach  
  64  5:55  Roach x4  
  64  5:57  Roach  
  76  6:02  Overlord x3  
  69  6:20  Roach x4  
  69  6:24  Roach x4  
  85  6:32  Roach x2  
  91  6:33  Roach  
  91  6:34  Roach  
  91  6:37  Roach  
  91  6:39  Roach  
  97  6:44  Roach  
  97  6:46  Roach  
  101  6:48  Overlord  
  101  6:55  Overlord x2  
  101  6:57  Zergling x2  
  102  7:02  Zergling x4  
  102  7:03  Zergling x2  
  102  7:07  Zergling x2  
  106  7:15  Zergling x4  
  106  7:16  Zergling x6  
  106  7:20  Overlord  
  110  7:24  Overlord x2  
  110  7:26  Zergling x2  
  111  7:31  Zergling x2  
  111  7:32  Zergling x4  
  103  7:57  Zergling x2  
Show
View Real Time Build Order
Export as new Build Order

llllllllllll Zerg - Winner!

Build Orders: Pool First 

Get SALT Encoding   

  12  0:01  Drone  
  13  0:12  Overlord  
  13  0:17  Drone  
  14  0:30  Drone x2  
  14  0:34  Drone  
  17  0:45  Spawning Pool  
  17  0:48  Drone  
  17  0:57  Drone  
  18  1:11  Hatchery  
  18  1:13  Extractor  
  16  1:32  Zergling x6  
  19  1:33  Queen  
  21  1:43  Overlord  
  21  1:54  Drone  
  22  2:06  Drone  
  23  2:09  Queen  
  25  2:16  Drone, Metabolic Boost  
  26  2:28  Drone  
  27  2:31  Drone  
  28  2:40  Baneling Nest  
  27  2:45  Overlord  
  27  2:48  Drone  
  27  2:49  Drone x4  
  32  2:57  Overlord  
  32  3:01  Zergling x2  
  33  3:07  Zergling x4  
  35  3:18  Zergling x2  
  35  3:19  Zergling x4  
  38  3:22  Zergling x4  
  40  3:27  Zergling x4  
  36  3:43  Drone x5  
  41  3:49  Zergling x4  
  41  3:54  Overlord  
  41  3:55  Baneling x2  
  43  4:02  Drone  
  44  4:03  Drone x4  
  46  4:11  Drone  
  45  4:17  Extractor  
  45  4:18  Roach Warren  
  43  4:25  Zergling x4, Drone x2  
  43  4:26  Zergling x8  
  48  4:49  Hatchery  
  47  4:53  Extractor  
  47  4:59  Drone x2  
  50  5:00  Drone x2  
  50  5:01  Roach x5  
  50  5:02  Overlord  
  60  5:14  Overlord  
  60  5:16  Lair  
  60  5:19  Evolution Chamber  
  59  5:31  Drone  
  59  5:32  Drone x3  
  59  5:34  Overlord  
  59  5:35  Overlord  
  63  5:51  Zerg Missile Weapons Level 1  
  63  5:52  Queen  
  63  5:53  Overlord  
  63  5:57  Roach x3  
  69  6:01  Queen  
  73  6:06  Roach x3  
  73  6:07  Drone x4  
  82  6:15  Ravager  
  81  6:19  Glial Reconstitution  
  81  6:26  Overseer  
  81  6:35  Drone x11  
  81  6:38  Extractor, Ravager  
  92  6:41  Extractor, Ravager x2  
  93  6:48  Overlord x2  
  93  6:51  Roach x2  
  97  6:58  Roach x3  
  97  7:00  Overlord  
  103  7:08  Overlord  
  105  7:15  Roach  
  105  7:16  Roach x6  
  117  7:23  Roach x3  
  117  7:29  Roach  
  125  7:32  Roach x2  
  129  7:38  Roach x2  
  132  7:47  Roach  
Tags
 
Add a new tag
Caveats
  • Supply blocks, unpowered buildings, or Contaminate may cause inaccurate times.
  • Supply counts are checked every 10 seconds.